 Dungeon Crawl Stone Soup version 0.30-a0-989-g0d87f670db (webtiles) character file.

Game seed: 4985929627883743563

25552 DeathPants the Cruncher (level 13, -1/70 HPs)
             Began as a Vine Stalker Wanderer on Apr 3, 2023.
             Was an Initiate of Gozag.
             Succumbed to Sonja's poison
             ... on level 1 of the Lair of Beasts.
             The game lasted 00:32:23 (10874 turns).

DeathPants the Cruncher (Vine Stalker Wanderer)    Turns: 10874, Time: 00:32:24

Health: -1/70      AC: 32    Str: 19    XL:     13   Next: 20%
Magic:  12/19      EV: 15    Int: 12    God:    Gozag
Gold:   3772       SH:  0    Dex: 15    Spells: 11/19 levels left

rFire   . . .      SeeInvis .    a - +4 lajatang (elec)
rCold   . . .      Faith    .    (shield currently unavailable)
rNeg    . . .      Spirit   +    y - +18 Lear's hauberk
rPois   .          Reflect  .    (helmet currently unavailable)
rElec   .          Rampage  .    L - +2 cloak {rCorr}
rCorr   +                        (gloves currently unavailable)
Will    +....                    (boots currently unavailable) Stlth
                                 A - amulet of regeneration
HPRegen 1.91/turn                S - +5 ring of evasion
MPRegen 0.16/turn                (no ring)

@: lethally poisoned (-1 -> -40), marked, gold aura, slowed, studying Throwing,
very slow
A: fangs 3, regeneration 1, magic shield, antimagic bite, no potion heal 2
a: Renounce Religion, Potion Petition, Call Merchant, Bribe Branch


You were on level 1 of the Lair of Beasts.
You worshipped Gozag.
Gozag was most pleased with you.
You visited 3 branches of the dungeon, and saw 15 of its levels.
You also visited: Ossuary.

You collected 4411 gold pieces.
You spent 572 gold pieces at shops.
You paid 67 gold pieces to Gozag.

Inventory:

Hand Weapons
 a - a +4 lajatang of electrocution (weapon)
 b - a +3 quarterstaff
Missiles
 i - 19 boomerangs (quivered)
 n - 10 atropa-tipped darts
 r - a curare-tipped dart
 N - 3 silver boomerangs
Armour
 s - a +1 hat
 y - the +18 Lear's hauberk (worn)
   (You found it on level 6 of the Dungeon)
 F - a +0 pair of gloves
 L - a +2 cloak of preservation (worn)
 T - a +2 robe of willpower
Jewellery
 h - an amulet of reflection
 w - a ring of wizardry
 A - an amulet of regeneration (around neck)
 C - a ring of ice
 E - a ring of resist corrosion
 O - an amulet of the acrobat
 R - a ring of see invisible
 S - a +5 ring of evasion (left hand)
Wands
 k - a wand of quicksilver (13)
 q - a wand of charming (18)
 D - a wand of mindburst (7)
 I - a wand of polymorph (2)
 J - a wand of digging (4)
 K - a wand of iceblast (3)
 M - a wand of flame (7)
Scrolls
 d - 6 scrolls of vulnerability
 m - 3 scrolls of summoning
 t - 2 scrolls of fear
 v - 8 scrolls of teleportation
 G - a scroll of silence
 H - a scroll of magic mapping
 P - 3 scrolls of identify
Potions
 c - 2 potions of brilliance
 e - a potion of resistance
 f - 2 potions of magic
 g - 5 potions of lignification
 j - 2 potions of attraction
 l - 6 potions of curing
 o - 4 potions of mutation
 x - 2 potions of invisibility
 z - 2 potions of flight
 B - a potion of might
 Q - a potion of cancellation


   Skills:
 + Level 9.3 Fighting
 * Level 13.1 Staves
 - Level 7.7 Armour
 - Level 7.5 Dodging
 - Level 2.0 Unarmed Combat
 + Level 3.9 Spellcasting
 + Level 3.9 Hexes
 - Level 1.0 Invocations


You had 11 spell levels left.
You knew the following spells:

 Your Spells              Type           Power      Damage    Failure   Level
a - Tukima's Dance        Hex            11%        N/A       75%         3
b - Yara's Violent Unrav  Hex/Tmut       3%         3d4       100%        5

Your spell library contained the following spells:

 Spells                   Type           Power      Damage    Failure   Level
 Freeze                   Ice            8%         1d3       90%         1
 Frozen Ramparts          Ice            4%         1d1       99%         3
 Hailstorm                Conj/Ice       2%         3d3       99%         3
 Passage of Golubria      Tloc           2%         N/A       100%        4


Dungeon Overview and Level Annotations

Branches:
Dungeon (13/15)            Temple (1/1) D:5            Lair (1/5) D:11
    Orc (0/2) D:10        Ossuary (visited)
 Vaults: D:13-14

Altars:
Cheibriados
Dithmenos
Elyvilon
Fedhas
Gozag
Hepliaklqana
Nemelex Xobeh
Okawaru
Qazlal
Ru
Sif Muna
Trog
Uskayaw
Vehumet
Wu Jian
Yredelemnul
The Shining One

Shops:
D:1 *

Annotations:
D:11 3 runed translucent doors, sirJeffrey23's ghost, journeyman BaHu
Lair:1 Sonja


Innate Abilities, Weirdness & Mutations

You have razor-sharp teeth.
Your natural rate of healing is unusually fast.
When hurt, damage is shared between your health and your magic reserves.
Your bite disrupts and absorbs the magic of your enemies.
Potions cannot restore your health.


Message History

The blink frog hits you but does no damage.
You feel extremely sick. Sonja closely misses you. Sonja misses you.
Sonja hits you but does no damage.
You are more poisoned.
The cane toad stings you.
You are more poisoned.
The cane toad poisons you!
The wolf is distracted by your dazzling golden aura.
Sonja hits you but does no damage. x2
You are more poisoned.
Sonja misses you. The yak closely misses you. The cane toad stings you!
Sonja attacks as you move away! Sonja barely misses you.
Sonja completely misses you. x2
A bullfrog comes into view.
You feel extremely sick.
The wolf is no longer distracted by gold.
The wolf is distracted by your dazzling golden aura.
Sonja closely misses you. Sonja hits you but does no damage.
You are lethally poisoned!
Sonja hits you but does no damage.
You are more poisoned.
Sonja hits you with a +0 short sword of venom.
* * * LOW HITPOINT WARNING * * *
Sonja hits you but does no damage. Sonja misses you.
You completely miss Sonja.
* * * LOW HITPOINT WARNING * * *
You feel extremely sick. The yak gores you but does no damage.
Sonja misses you. Sonja hits you but does no damage.
You are more poisoned.
Sonja hits you but does no damage.
You are more poisoned.
The bullfrog is distracted by your dazzling golden aura.
The cane toad barely misses you.
The blink frog blinks!
The bullfrog gives a loud, deep croak!
You barely miss Sonja.
The wolf howls!
The blink frog croaks.
Your bite misses Sonja.
You die...
Your body crumbles into a pile of gold.

.... # ....
#.#
#...#####.###
#...#.##..#.
....$....
.......#
##F##..#
###.@F#..##
#.FYK§h(<.#
#.#.h.##.## #
##..##.#
#$###.# F.#
..# ..h# #..
..#.# #.#
#..#.# #..


You could see a yak, a cane toad, 2 blink frogs, Sonja, 3 wolves and a bullfrog.

Vanquished Creatures
  Gastronok (D:10)
  Nessos (D:12)
  Josephine (D:10)
  2 centaur warriors (D:12)
  2 boulder beetles
  3 two-headed ogres
  A tengu warrior (D:12)
  A skeletal warrior (D:11)
  A deep elf pyromancer (D:12)
  4 manticores
  2 ugly things (D:12)
  5 cyclopes
  Maurice (D:10)
  Joseph (D:10)
  4 gargoyles
  A rime drake (Lair:1)
  2 unseen horrors (D:12)
  5 trolls
  A blink frog (Lair:1)
  A centaur simulacrum (D:12)
  2 vampires (D:10)
  2 shadows (D:12)
  A wyvern (D:9)
  8 wraiths
  A basilisk (D:12)
  4 yaks
  Grum (D:9)
  A steam dragon (D:7)
  8 vampire mosquitoes
  2 acid dragons
  3 water moccasins
  8 orc warriors
  2 sky beasts
  3 ice beasts
  An ogre (D:7)
  2 black bears
  3 centaurs
  2 wolves (D:9)
  2 phantoms (D:6)
  2 kobold brigands (D:7)
  3 bullfrogs (D:7)
  4 scorpions
  5 gnoll sergeants
  4 water moccasin zombies (Ossuary)
  13 killer bees
  7 howler monkeys
  A hound (D:7)
  2 jellies
  8 orc priests
  Jessica (D:3)
  7 iguanas
  2 sleepcaps
  13 orc wizards
  2 mummies (Ossuary)
  11 adders
  12 gnolls
  A shadow imp (D:6)
  3 white imps
  3 ufetubi
  5 adder zombies (Ossuary)
  2 worms (D:3)
  4 dart slugs
  52 orcs
  5 endoplasms
  3 giant cockroaches
  8 hobgoblins
  2 quokkas
  7 ball pythons
  8 bats
  3 frilled lizards
  4 gnoll zombies (Ossuary)
  4 goblins
  2 hobgoblin zombies (Ossuary)
  17 kobolds
  5 kobold zombies (Ossuary)
  2 orc zombies (Ossuary)
  4 rats
337 creatures vanquished.

Vanquished Creatures (others)
  An unseen horror (D:12)
  A fungus (Lair:1)
  A plant (Lair:1)
3 creatures vanquished.

Grand Total: 340 creatures vanquished

Notes
Turn   | Place    | Note
-------+----------+-------------------------------------------
     0 | D:1      | DeathPants the Vine Stalker Wanderer began the quest for
                  | the Orb.
     0 | D:1      | DeathPants set off with the following items: a +2
                  | quarterstaff, a potion of lignification, a +0 ring mail, a
                  | scroll of vulnerability.
     0 | D:1      | Reached XP level 1. HP: 11/11 MP: 2/2
    92 | D:1      | Reached XP level 2. HP: 15/15 MP: 3/3
   179 | D:1      | Reached skill level 3 in Staves
   201 | D:1      | Found Lokix's General Store.
   992 | D:2      | Reached XP level 3. HP: 15/18 MP: 2/4
  1809 | D:2      | Reached skill level 1 in Dodging
  1809 | D:2      | Gained mutation: Your natural rate of healing is unusually
                  | fast. [Vine Stalker growth]
  1809 | D:2      | Reached XP level 4. HP: 20/23 MP: 5/5
  2048 | D:3      | Reached XP level 5. HP: 18/27 MP: 6/6
  2289 | D:3      | Reached skill level 4 in Staves
  2342 | D:3      | Noticed Jessica
  2346 | D:3      | Killed Jessica
  3200 | D:5      | Entered Level 5 of the Dungeon
  3226 | D:5      | Reached XP level 6. HP: 28/32 MP: 5/7
  3233 | D:5      | Found a sand-covered staircase.
  3244 | Ossuary  | Entered an ossuary
  3361 | Ossuary  | Reached XP level 7. HP: 36/36 MP: 8/8
  3382 | Ossuary  | Reached skill level 5 in Staves
  4056 | D:5      | Identified a scroll of acquirement
  4056 | D:5      | Acquired 715 gold pieces
  4234 | D:1      | Bought a scroll of acquirement for 572 gold pieces
  4236 | D:1      | Acquired a +4 vampiric lajatang
  4425 | D:5      | Found a staircase to the Ecumenical Temple.
  4435 | Temple   | Entered the Ecumenical Temple
  4457 | Temple   | Became a worshipper of Gozag Ym Sagoz the Greedy
  4516 | D:5      | Gained mutation: You have razor-sharp teeth. [Vine Stalker
                  | growth]
  4516 | D:5      | Reached XP level 8. HP: 42/42 MP: 7/9
  4583 | D:5      | Reached skill level 6 in Staves
  5289 | D:6      | Found a sacrificial altar of Ru.
  5364 | D:7      | Reached skill level 7 in Staves
  5364 | D:7      | Reached XP level 9. HP: 45/46 MP: 8/10
  5467 | D:6      | Found a hazy altar of Hepliaklqana.
  5553 | D:6      | Noticed a troll
  5560 | D:6      | Killed a troll
  5561 | D:6      | Reached skill level 5 in Fighting
  5642 | D:6      | Found the +18 Lear's hauberk
  6078 | D:7      | Identified the +2 robe "Fademas" {rPois rC- Slay-6 SInv}
  6098 | D:7      | Reached skill level 8 in Staves
  6105 | D:7      | Reached skill level 5 in Armour
  6584 | D:8      | Reached XP level 10. HP: 53/53 MP: 11/11
  6616 | D:8      | Reached skill level 5 in Dodging
  6831 | D:8      | Noticed a +0 short sword
  6832 | D:8      | Noticed a +0 falchion
  6832 | D:8      | Noticed a +0 spear
  6832 | D:8      | Noticed a +0 dagger
  6833 | D:8      | Noticed a +0 dagger
  6833 | D:8      | Noticed a +0 falchion
  6834 | D:8      | Noticed a +0 spear
  6834 | D:8      | Noticed a +0 short sword
  6843 | D:8      | Found a hide-covered altar of Uskayaw.
  7040 | D:8      | Identified the +5 hand axe "Tioddocu" {drain, rElec rF-
                  | Str+3 Stlth+}
  7130 | D:9      | Noticed a gargoyle
  7143 | D:9      | Killed a gargoyle
  7151 | D:9      | Reached skill level 9 in Staves
  7209 | D:9      | Noticed Grum
  7216 | D:9      | Killed Grum
  7264 | D:10     | Entered Level 10 of the Dungeon
  7264 | D:10     | Noticed Joseph
  7329 | D:10     | Killed Joseph
  7573 | D:9      | Acquired 894 gold pieces
  8068 | D:10     | Noticed Gastronok
  8087 | D:10     | Killed Gastronok
  8088 | D:10     | Reached skill level 10 in Staves
  8088 | D:10     | Reached XP level 11. HP: 55/58 MP: 10/12
  8144 | D:10     | Noticed Maurice
  8156 | D:10     | Killed Maurice
  8316 | D:10     | Found a staircase to the Orcish Mines.
  8583 | D:11     | Noticed Josephine
  8596 | D:10     | Killed Josephine
  8657 | D:11     | Noticed a manticore
  8667 | D:11     | Killed a manticore
  8668 | D:11     | Reached skill level 11 in Staves
  8794 | D:11     | Noticed a cyclops
  8808 | D:11     | Killed a cyclops
  8838 | D:11     | Found a staircase to the Lair.
  8838 | D:11     | Noticed a two-headed ogre
  8853 | D:11     | Killed a two-headed ogre
  8862 | D:11     | Noticed a cyclops
  8870 | D:11     | Killed a cyclops
  9018 | D:11     | Noticed a boulder beetle
  9033 | D:11     | Killed a boulder beetle
  9181 | D:11     | Reached XP level 12. HP: 64/64 MP: 13/13
  9202 | D:12     | Noticed a boulder beetle
  9378 | D:12     | Killed a boulder beetle
  9453 | D:11     | Found a runed translucent gate.
  9454 | D:11     | Found a runed translucent gate.
  9454 | D:11     | Found a runed translucent gate.
  9454 | D:11     | Found an opulent altar of Gozag.
  9454 | D:11     | Noticed a two-headed ogre
  9455 | D:11     | Noticed sirJeffrey23's ghost (journeyman BaHu)
  9456 | D:11     | Noticed a frost giant
  9627 | D:12     | Identified the +0 sling "Qaopnoq" {flame, rPois rF+ Str+3
                  | Int+2}
  9634 | D:12     | Noticed a two-headed ogre
  9643 | D:12     | Killed a two-headed ogre
  9644 | D:12     | Reached skill level 12 in Staves
  9694 | D:12     | Noticed a two-headed ogre
  9700 | D:12     | Killed a two-headed ogre
  9775 | D:12     | Learned a level 3 spell: Tukima's Dance
  9781 | D:12     | Learned a level 5 spell: Yara's Violent Unravelling
  9896 | D:12     | Reached skill level 1 in Spellcasting
  9896 | D:12     | Reached skill level 1 in Hexes
 10084 | D:12     | Noticed Nessos
 10109 | D:12     | Killed Nessos
 10567 | D:12     | Noticed a centaur warrior
 10580 | D:12     | Killed a centaur warrior
 10581 | D:12     | Reached XP level 13. HP: 70/70 MP: 18/18
 10583 | D:12     | Identified the +5 falchion of Crawling {antimagic, Fragile
                  | rPois rF+ Dex+3}
 10594 | D:12     | Reached skill level 13 in Staves
 10652 | D:12     | Identified the staff of conjuration "Woehimeu" {Will++
                  | Dex+4}
 10656 | D:12     | Identified the staff of cold "Kaigoahi" {rElec rC+ Dex+4}
 10839 | Lair:1   | Entered Level 1 of the Lair of Beasts
 10866 | Lair:1   | Noticed Sonja
 10874 | Lair:1   | Succumbed to Sonja's poison

Illustrated notes

Levels and vault maps discovered:
D:1:      dpeg_arrival_renting, layout_basic, serial_shops, nicolae_square_shop,
          chequers_garden
D:2:      layout_basic, hangedman_decor_opposing
D:3:      minmay_chambers_of_twos, layout_basic, serial_curves, eino_curves_04,
          eino_curves_02, uniq_jessica
D:4:      layout_gridville
D:5:      layout_cave_pools, minmay_temple_entry_butterflies, enter_ossuary_1,
          chequers_serial_rivers_small_b
D:6:      cheibrodos_barr_body, layout_cave_pools, old_standard_altar,
          nicolae_ru_sacrificial_ziggurat, serial_rivers,
          chequers_serial_rivers_room_b, chequers_serial_rivers_micro_c,
          chequers_serial_rivers_micro_d, chequers_serial_rivers_micro_c,
          hellmonk_guarded_unrand_lears
D:7:      layout_rooms
D:8:      layout_basic, nicolae_uskayaw_en_pointe, supply_closet_lemuel
D:9:      layout_cave_pools, uniq_grum
D:10:     layout_roguey, hiddenorc2_lemuel, roderic_batcave, uniq_joseph,
          uniq_gastronok, uniq_maurice
D:11:     layout_gridville, lair_entry_dummy, ebering_ghost_gozag,
          uniq_josephine
D:12:     minmay_the_grid_square_5x5_3x3 [minmay_the_grid_square_5x5_dogpile,
          minmay_the_grid_square_5x5_empty,
          minmay_the_grid_square_5x5_half_checkered,
          minmay_the_grid_square_5x5_three_walls,
          minmay_the_grid_square_5x5_megaprize_checkered,
          minmay_the_grid_square_5x5_three_small,
          minmay_the_grid_square_5x5_eight, minmay_the_grid_square_5x5_n_small,
          minmay_the_grid_square_5x5_checkered_statues], layout_small_grid,
          feat_on_display, uniq_nessos
D:13:     layout_loops_cross, gammafunk_ghost_icy, minmay_rotating_lava,
          uniq_jorgrun
Temple:   nicolae_temple_bog_church
Lair:1:   layout_loops_ring, kennysheep_rathole, grunt_megastairs_4, uniq_sonja

Skill      XL: |  1  2  3  4  5  6  7  8  9 10 11 12 13 |
---------------+----------------------------------------+-----
Fighting       | 2 3 4 5 7 8 9 |  9.3
Staves         | 3 4 5 7 8 10 11 12 13 | 13.1
Armour         | 2 3 4 5 6 7 |  7.7
Dodging        | 1 2 3 4 6 7 |  7.5
Spellcasting   | 3 |  3.9
Hexes          | 3 |  3.9
Unarmed Combat | |  2.0
Invocations    | |  1.0

Action                     |  1- 3 |  4- 6 |  7- 9 | 10-12 | 13-15 || total
---------------------------+-------+-------+-------+-------+-------++-------
  Melee: Quarterstaff      |    63 |   122 |    73 |       |       ||   258
         Bite              |    15 |    32 |    78 |   187 |    17 ||   329
         Lajatang          |       |       |   206 |   606 |    47 ||   859
  Throw: Boomerang         |       |       |       |     7 |       ||     7
  Evoke: Wand              |       |       |       |     3 |       ||     3
    Use: Scroll            |       |     5 |    18 |     6 |     1 ||    30
         Potion            |       |       |       |       |     2 ||     2
   Stab: Distracted        |       |       |     3 |     3 |       ||     6
 Armour: Ring mail         |    23 |    39 |    42 |       |       ||   104
         Scale mail        |       |       |    68 |       |       ||    68
         Chain mail        |       |       |    53 |   768 |    36 ||   857
  Dodge: Dodged            |    43 |    61 |   156 |   393 |    43 ||   696
  Block: Other             |       |       |    41 |       |       ||    41
         Reflection        |       |       |     4 |       |       ||     4

Table legend: (Time is in decaauts)
 A = Elapsed time spent in this place.
 B = Non-inter-level travel time spent in this place.
 C = Inter-level travel time spent in this place.
 D = Time resting spent in this place.
 E = Time spent auto-exploring this place.
 F = Levels seen in this place.
 G = Mean time per level.
                   A        B        C        D        E       F      G
               +--------+--------+--------+--------+--------+-----+--------+
         Total |  10867 |  10304 |    563 |    453 |   6523 |  16 |  679.2 |
       Dungeon |  10596 |  10051 |    545 |    453 |   6497 |  13 |  815.1 |
        Temple |     42 |     24 |     18 |      0 |      7 |   1 |   42.0 |
          Lair |     30 |     30 |      0 |      0 |      0 |   1 |   30.0 |
       Ossuary |    197 |    197 |      0 |      0 |     19 |   1 |  197.0 |
               +--------+--------+--------+--------+--------+-----+--------+

Top non-repeatable levels by time:
     D:3: 1280 daAuts
    D:12: 1216 daAuts
     D:5: 1000 daAuts
    D:10: 971 daAuts
     D:2: 966 daAuts
     D:1: 940 daAuts
     D:6: 816 daAuts
    D:11: 797 daAuts
     D:7: 688 daAuts
     D:4: 670 daAuts
     D:9: 661 daAuts
     D:8: 546 daAuts
 Ossuary: 197 daAuts
  Temple: 42 daAuts
    D:13: 40 daAuts
